 Dungeon Crawl Stone Soup version 0.27.1-2-g3b301248ec (webtiles) character file.

Game seed: 4445561187753887520

68 Rickety the Conjurer (level 4, -4/32 HPs)
             Began as a Gnoll Conjurer on Sept 26, 2021.
             Slain by Edmund (12 damage)
             ... on level 4 of the Dungeon.
             The game lasted 00:04:04 (2934 turns).

Rickety the Conjurer (Gnoll Conjurer)               Turns: 2934, Time: 00:04:04

Health: -4/32      AC:  3    Str:  6    XL:     4   Next: 19%
Magic:  1/11       EV: 13    Int: 18    God:
Gold:   167        SH:  0    Dex: 11    Spells: 7/13 levels left

rFire    . . .     SeeInvis .   o - staff of conjuration
rCold    . . .     Faith    .   (no shield)
rNeg     . . .     Spirit   .   a - +0 robe
rPois    .         Reflect  .   (no helmet)
rElec    .         Harm     .   (no cloak)
rCorr    .         Rampage  .   g - +0 pair of gloves
Will     .....                  (no boots)
Stlth    ++........             (no amulet)
HPRegen  0.10/turn              (no ring)
MPRegen  0.12/turn              (no ring)

@: no status effects
A: fangs 1, strong nose, distributed training
a: no special abilities


You were on level 4 of the Dungeon.
You visited 1 branch of the dungeon, and saw 4 of its levels.

You collected 167 gold pieces.

Inventory:

Hand Weapons
 c - a +0 spear
Missiles
 h - 4 poisoned darts
Armour
 a - a +0 robe (worn)
 g - a +0 pair of gloves (worn)
Magical Staves
 o - a staff of conjuration (weapon)
Scrolls
 e - 3 scrolls of identify {unknown}
 j - a scroll of enchant armour {unknown}
 l - a scroll of teleportation {unknown}
 m - a scroll of vulnerability {unknown}
 n - a scroll of magic mapping {unknown}
Potions
 b - a potion of brilliance {unknown}
 d - a potion of heal wounds {unknown}
 f - a potion of cancellation {unknown}
 i - 2 potions of flight {unknown}
 k - a potion of might {unknown}


   Skills:
 + Level 1.0 Fighting
 + Level 1.0 Short Blades
 + Level 1.0 Long Blades
 + Level 1.0 Axes
 + Level 1.0 Maces & Flails
 + Level 1.0 Polearms
 + Level 1.0 Staves
 + Level 1.0 Slings
 + Level 1.0 Bows
 + Level 1.0 Crossbows
 + Level 1.0 Throwing
 + Level 1.0 Armour
 + Level 4.6 Dodging
 + Level 4.2 Stealth
 + Level 1.0 Shields
 + Level 1.0 Unarmed Combat
 + Level 5.0 Spellcasting
 + Level 7.1 Conjurations
 + Level 0.8 Hexes
 + Level 0.8 Summonings
 + Level 0.8 Necromancy
 + Level 0.8 Translocations
 + Level 0.8 Transmutations
 + Level 0.8 Fire Magic
 + Level 0.8 Ice Magic
 + Level 0.8 Air Magic
 + Level 0.8 Earth Magic
 + Level 0.8 Poison Magic
 + Level 1.1 Invocations
 + Level 1.0 Evocations


You had 7 spell levels left.
You knew the following spells:

 Your Spells              Type           Power      Damage    Failure   Level
a - Magic Dart            Conj           100%       1d8       1%          1
d - Dazzling Flash        Conj/Hex       56%        N/A       8%          3
r - Searing Ray           Conj           90%        3d6       1%          2

Your spell library contained the following spells:

 Spells                   Type           Power      Damage    Failure   Level
 Sandblast                Erth           14%        2d6       10%         1
 Passwall                 Tmut/Erth      5%         N/A       14%         2
 Fulminant Prism          Conj/Hex       14%        3d9       26%         4
 Iskenderun's Mystic Bla  Conj/Tloc      28%        2d7       26%         4
 Lee's Rapid Deconstruct  Erth           3%         3d6*      95%         5


Dungeon Overview and Level Annotations

Branches:
Dungeon (4/15)
 Temple: D:4-7

Altars:

Shops:
D:2 [

Annotations:
D:3 1 runed translucent door, cummra's ghost, amateur GrEE
D:4 Edmund


Innate Abilities, Weirdness & Mutations

You have very sharp teeth.
Your uncanny sense of smell can sniff out nearby items.
Your experience applies equally to all skills.


Message History

The searing ray hits Edmund!
Edmund is moderately wounded.
The searing ray hits Edmund but does no damage.
Edmund is moderately wounded.
The searing ray hits Edmund.
Edmund is moderately wounded.
You finish channeling your searing ray.
Edmund hits you with a +0 dire flail of protection.
Casting: Searing Ray (safe; 1% risk of failure)
Confirm with . or Enter, or press ? or * to list all spells.
Aiming: Searing Ray (safe; 1% risk of failure)
Press: ? - help, Shift-Dir - straight line, f/p - Edmund
Aim: Edmund, wielding a +0 dire flail of protection and wearing a +0 scale mail (moderately wounded, 84% to hit)
You feel a surge of power!
The searing ray hits Edmund!
Edmund is severely wounded. (Press . to maintain the ray.) Edmund closely misses you.
The searing ray hits Edmund!
Edmund is almost dead.
Edmund hits you with a +0 dire flail of protection.
The searing ray hits Edmund but does no damage.
Edmund is almost dead.
Edmund hits you with a +0 dire flail of protection.
The searing ray misses Edmund.
You finish channeling your searing ray.
Edmund misses you.
Casting: Searing Ray (safe; 1% risk of failure)
Confirm with . or Enter, or press ? or * to list all spells.
You don't have enough magic to cast this spell.
Unknown command.
Unknown command.
Aiming: Magic Dart (safe; 1% risk of failure)
Press: ? - help, Q - select action, (/) - cycle Shift-Dir - straight line, f/p - Edmund
Aim: Edmund, wielding a +0 dire flail of protection and wearing a +0 scale mail (almost dead, 100% to hit)
You feel a surge of power!
The magic dart hits Edmund.
Edmund is almost dead.
Edmund hits you with a +0 dire flail of protection!
* * * LOW HITPOINT WARNING * * *
There is a stone staircase leading up here.
Edmund hits you with a +0 dire flail of protection!
You die...

### .. #.
##.########
#..@@.....#
#..######.#
#.. #.# #.
#. #


You could see Edmund.

Vanquished Creatures
  An adder (D:2)
  A worm (D:2)
  3 dart slugs (D:2)
  3 ball pythons
  5 endoplasms
  2 giant cockroaches (D:3)
  A goblin (D:3)
  4 hobgoblins
  6 kobolds
  6 quokkas
  5 bats
  6 frilled lizards
  5 rats
48 creatures vanquished.

Notes
Turn   | Place    | Note
-------+----------+-------------------------------------------
     0 | D:1      | Rickety the Gnoll Conjurer began the quest for the Orb.
     0 | D:1      | Reached XP level 1. HP: 13/13 MP: 6/6
   173 | D:1      | Reached XP level 2. HP: 19/19 MP: 4/7
   176 | D:1      | Learned a level 2 spell: Searing Ray
   263 | D:1      | Found a faded altar of an unknown god.
   561 | D:1      | Reached XP level 3. HP: 25/25 MP: 2/9
   565 | D:1      | Learned a level 3 spell: Dazzling Flash
   663 | D:2      | Found Gatukosi's Antique Armour Shop.
   728 | D:2      | Reached skill level 5 in Spellcasting
  1337 | D:2      | Reached skill level 1 in Invocations
  1593 | D:2      | Reached skill level 1 in Fighting
  1593 | D:2      | Reached skill level 1 in Short Blades
  1593 | D:2      | Reached skill level 1 in Long Blades
  1593 | D:2      | Reached skill level 1 in Axes
  1593 | D:2      | Reached skill level 1 in Maces & Flails
  1593 | D:2      | Reached skill level 1 in Polearms
  1593 | D:2      | Reached skill level 1 in Staves
  1593 | D:2      | Reached skill level 1 in Slings
  1593 | D:2      | Reached skill level 1 in Bows
  1593 | D:2      | Reached skill level 1 in Crossbows
  1593 | D:2      | Reached skill level 1 in Throwing
  1593 | D:2      | Reached skill level 1 in Armour
  1593 | D:2      | Reached skill level 1 in Shields
  1593 | D:2      | Reached skill level 1 in Unarmed Combat
  1593 | D:2      | Reached skill level 1 in Evocations
  1962 | D:3      | Reached XP level 4. HP: 32/32 MP: 8/11
  2411 | D:3      | Found a runed translucent door.
  2598 | D:3      | Noticed a bullfrog
  2599 | D:3      | Noticed cummra's ghost (amateur GrEE)
  2922 | D:4      | Noticed Edmund
  2934 | D:4      | Slain by Edmund

Illustrated notes

Levels and vault maps discovered:
D:1:      giann_wishing_wells, layout_rooms, ebering_ecumenical_altar_petrified
D:2:      layout_basic, serial_shops, nicolae_shop_stone
D:3:      layout_loops_corners, ebering_ghost_sewer_d
D:4:      layout_loops_ring, gammafunk_temple_overflow_statue,
          grunt_ashenzari_visionary [grunt_ashenzari_visionary_shoals,
          grunt_ashenzari_visionary_snake], uniq_edmund

Skill      XL: |  1  2  3 |
---------------+----------+-----
Spellcasting   | 5 |  5.0
Invocations    | 1 |  1.1
Fighting       | 1 |  1.0
Short Blades   | 1 |  1.0
Long Blades    | 1 |  1.0
Axes           | 1 |  1.0
Maces & Flails | 1 |  1.0
Polearms       | 1 |  1.0
Staves         | 1 |  1.0
Slings         | 1 |  1.0
Bows           | 1 |  1.0
Crossbows      | 1 |  1.0
Throwing       | 1 |  1.0
Armour         | 1 |  1.0
Shields        | 1 |  1.0
Unarmed Combat | 1 |  1.0
Evocations     | 1 |  1.0
Dodging        | |  4.6
Stealth        | |  4.2
Conjurations   | |  7.1
Hexes          | |  0.8
Summonings     | |  0.8
Necromancy     | |  0.8
Translocations | |  0.8
Transmutations | |  0.8
Fire Magic     | |  0.8
Ice Magic      | |  0.8
Air Magic      | |  0.8
Earth Magic    | |  0.8
Poison Magic   | |  0.8

Action                   |  1- 3 |  4- 6 || total
-------------------------+-------+-------++-------
 Cast: Magic Dart        |    52 |    11 ||    63
       Searing Ray       |     4 |     4 ||     8
Armor: Robe              |     1 |       ||     1
Dodge: Dodged            |     2 |     2 ||     4
